Map: Equilibrium LE

Players

Subwayeatn - Winner!

  • Race: Protoss Protoss
  • League: Platinum
  • Spawn Location: 1:00

greenTree

  • Race: Terran Terran
  • League: Platinum
  • Spawn Location: 11:00

VOD

Have the link to the VOD?

Description

Time

  • Played on: Nov. 9, 2023, 1:11 p.m.
  • Length: 2:12
Show
View Real Time Build Order
Export as new Build Order

Subwayeatn Protoss - Winner!

Build Orders:  

Get SALT Encoding   

  12  0:00  Probe  
  13  0:12  Probe  
  14  0:20  Pylon  
  14  0:24  Probe  
  15  0:36  Assimilator  
  15  0:38  Probe  
  16  0:47  Gateway  
  16  0:51  Probe (Chrono Boost)  
  17  1:01  Probe (Chrono Boost)  
  18  1:06  Probe (Chrono Boost)  
  18  1:09  Pylon  
  19  1:17  Probe (Chrono Boost)  
  20  1:24  Probe (Chrono Boost)  
  21  1:32  Probe  
  22  1:35  Cybernetics Core  
  22  1:49  Pylon  
  22  1:51  Probe  
  23  2:00  Nexus  
Show
View Real Time Build Order
Export as new Build Order

greenTree Terran 

Build Orders:  

Get SALT Encoding   

  12  0:03  SCV  
  13  0:31  SCV  
  14  0:39  Supply Depot  
  14  1:01  Barracks  
  14  1:02  Barracks  
  14  1:12  SCV, Refinery  
  14  1:13  Refinery  
  15  1:24  SCV  
  16  1:36  SCV  
  17  1:48  SCV  
Tags
 
Add a new tag
Caveats
  • Supply blocks, unpowered buildings, or Contaminate may cause inaccurate times.
  • Supply counts are checked every 10 seconds.